Map: Port Aleksander LE

Players

Qyinki

  • Race: Protoss Protoss
  • League: Diamond
  • Spawn Location: 11:00

Ape - Winner!

  • Race: Protoss Protoss
  • Spawn Location: 5:00

VOD

Have the link to the VOD?

Description

Time

  • Played on: Dec. 9, 2018, 11:27 a.m.
  • Length: 6:11
Show
View Real Time Build Order
Export as new Build Order

Qyinki Protoss 

Build Orders:  

Get SALT Encoding   

  1  0:00  Probe  
  12  0:05  Probe  
  14  0:15  Probe  
  15  0:23  Pylon  
  15  0:41  Gateway, Probe  
  16  0:48  Assimilator  
  16  0:53  Probe  
  17  1:05  Probe  
  17  1:07  Assimilator  
  18  1:19  Assimilator  
  18  1:31  Cybernetics Core  
  18  1:33  Pylon  
  18  1:44  Probe  
  19  1:51  Pylon  
  19  1:54  Probe  
  20  2:02  Probe  
  20  2:07  Assimilator  
  21  2:11  Probe  
  22  2:20  Gateway  
  22  2:22  Gateway  
  22  2:23  Gateway  
  22  3:08  Adept x2  
  21  3:17  Adept  
  26  3:37  Pylon  
  23  4:46  Adept  
Show
View Real Time Build Order
Export as new Build Order

Ape Protoss - Winner!

Build Orders:  

Get SALT Encoding   

  12  0:04  Probe  
  13  0:16  Probe  
  14  0:28  Probe  
  15  0:42  Pylon  
  15  1:01  Gateway  
  15  1:02  Gateway  
  15  1:07  Gateway  
  15  1:10  Pylon  
  15  1:40  Zealot x2  
  21  1:54  Zealot  
  21  2:05  Zealot  
  21  2:06  Zealot  
  25  2:21  Zealot, Pylon  
  27  2:25  Zealot  
  27  2:32  Zealot  
  31  2:48  Zealot  
  31  2:50  Zealot  
  35  2:59  Zealot  
  37  3:15  Zealot  
  39  3:21  Pylon  
  39  3:39  Zealot x2  
  43  3:42  Zealot  
  29  4:16  Zealot x2  
  29  4:25  Zealot  
  31  5:38  Zealot  
Tags
 
League
Diamond
Matchup
PvP
Spawn Locations
Cross Positions
Add a new tag
Caveats
  • Supply blocks, unpowered buildings, or Contaminate may cause inaccurate times.
  • Supply counts are checked every 10 seconds.